 Dungeon Crawl Stone Soup version 0.21-a0-49-g7bf2ba4 (webtiles) character file.

2658 roguesci the Magician (level 9, -9/48 HPs)
             Began as a Vine Stalker Transmuter on June 9, 2017.
             Was a Believer of Makhleb.
             Killed from afar by a manticore (16 damage)
             ... with a volley of spikes
             ... on level 6 of the Dungeon.
             The game lasted 00:19:05 (6784 turns).

roguesci the Magician (Vine Stalker Transmuter)     Turns: 6784, Time: 00:19:06

Health: -9/48      AC:  2    Str: 13    XL:     9   Next: 62%
Magic:  0/21       EV: 24    Int: 16    God:    Makhleb [**....]
Gold:   303        SH:  0    Dex: 20    Spells: 14/20 levels left

rFire    . . .     SeeInvis .     - Unarmed
rCold    . . .     Gourm    .   (shield currently unavailable)
rNeg     . . .     Faith    .   (armour currently unavailable)
rPois    x         Spirit   +   (helmet currently unavailable)
rElec    .         Reflect  .   (cloak currently unavailable)
rCorr    .         Harm     .   (gloves currently unavailable)
MR       +....                  (boots currently unavailable)
Stlth    +++.......             (no amulet)
Regen    0.6/turn               (no ring)
MPRegen  0.2/turn               (no ring)

@: spider-form, barbed spikes
A: rugged brown scales 1, high mp 1, regeneration 1, magic shield, no potion
heal 3, rot immunity
a: End Transformation, Minor Destruction, Renounce Religion


You were on level 6 of the Dungeon.
You worshipped Makhleb.
Makhleb was pleased with you.
You were not hungry.
You were a venomous arachnid creature.
You visited 1 branch of the dungeon, and saw 6 of its levels.

You collected 303 gold pieces.

Inventory:

Hand Weapons
 w - a +1 dagger of electrocution
 C - the +6 rapier of Tender Mercy (melded) {freeze, rElec rPois rC++ Str-3}
   (You found it on level 4 of the Dungeon)

   It has been specially enchanted to freeze those struck by it, causing extra
   injury to most foes and up to half again as much damage against particularly
   susceptible opponents.
   It can also slow down cold-blooded creatures.
   It affects your strength (-3).
   It greatly protects you from cold.
   It insulates you from electricity.
   It protects you from poison.
Missiles
 a - 31 arrows
 j - 213 stones (quivered)
Armour
 b - a +0 robe (melded)
 f - a +0 cloak (melded)
Wands
 E - a wand of polymorph (7/24)
 G - a wand of flame (40/48)
Scrolls
 e - 2 scrolls of immolation {unknown}
 g - 3 scrolls of amnesia {unknown}
 k - a scroll of enchant armour {unknown}
 m - 4 scrolls of remove curse {unknown}
 q - a scroll of random uselessness {unknown}
 r - 3 scrolls of magic mapping {unknown}
 t - a scroll of blinking {unknown}
 u - 2 scrolls of noise {unknown}
 v - 2 scrolls of identify
 x - a scroll of recharging {unknown}
 A - a scroll of fog {unknown}
 B - 3 scrolls of teleportation {unknown}
Potions
 i - 5 potions of curing
 l - 2 potions of resistance
 p - a potion of heal wounds
 s - a potion of cancellation
 z - 4 potions of flight
 D - a potion of lignification {unknown}
 F - a potion of invisibility {unknown}
Books
 c - a book of Changes

   Spells                             Type                      Level
   a - Beastly Appendage              Transmutation                1
   b - Sticks to Snakes               Transmutation                2
   c - Spider Form                    Transmutation/Poison         3
   d - Ice Form                       Ice/Transmutation            4
   e - Blade Hands                    Transmutation                5
 y - Jessica's Collected Works on Displacement
   (You found it on level 3 of the Dungeon)

   Spells                             Type                      Level
   a - Shroud of Golubria             Charms/Translocation         2
Comestibles
 d - 2 bread rations
 h - 2 royal jellies
 n - 2 fruits
 o - 3 meat rations


   Skills:
 * Level 5.1 Fighting
 * Level 5.1 Dodging
 + Level 5.3 Stealth
 + Level 4.0 Unarmed Combat
 * Level 6.4 Spellcasting
 + Level 4.7 Transmutations
 + Level 3.6 Poison Magic


You had 14 spell levels left.
You knew the following spells:

 Your Spells              Type           Power        Failure   Level  Hunger
a - Beastly Appendage     Tmut           ###...       8%          1    None
b - Spider Form           Tmut/Pois      ###.......   19%         3    ##.....
c - Shroud of Golubria    Chrm/Tloc      #.........   41%         2    None


Dungeon Overview and Level Annotations

Branches:
Dungeon (6/15)             Temple (0/1) D:6

Altars:
Ashenzari
Cheibriados
Makhleb
Okawaru
Sif Muna
Wu Jian
The Shining One

Shops:
D:4 :   D:6 %


Innate Abilities, Weirdness & Mutations

((You have razor-sharp teeth.))
Your natural rate of healing is unusually fast.
When hurt, damage is shared between your health and your magic reserves.
((Your bite disrupts and absorbs the magic of your enemies.))
Potions cannot restore your health.
You are immune to rotting.
(You are partially covered in rugged brown scales. (AC +1, +3% HP))
You have an increased reservoir of magic. (+10% MP)
((Your movements are slightly less encumbered by armour. (ER -2)))


Message History

The helpless manticore fails to defend itself.
You bite the manticore!
The manticore is poisoned.
The manticore is lightly wounded.
The manticore bites you!
Your shroud falls apart!
The manticore completely misses you. The manticore barely misses you.
You hit the manticore.
The manticore looks as sick as possible!
The manticore is moderately wounded.
The manticore bites you! The manticore closely misses you. x2
You barely miss the manticore.
The manticore is heavily wounded.
The manticore bites you!! The manticore claws you!
* * * LOW HITPOINT WARNING * * *
The manticore claws you!
* * * LOW HITPOINT WARNING * * *
The manticore flicks its tail.
The volley of spikes hits you!
The barbed spikes become lodged in your body.
You die...

# # # # #######
.......### #......#
#...##.....##
+...##..)H..###
#...####...s..#
#...# ######.# #...#
#...###.# ###
#...##W....##.#
..####...#.......#.#
....##..5†.......#.#
....##...#.§.....#.#
.....#...##.....##.#
#........# #...###.#


You could see a manticore.

Vanquished Creatures
  A hippogriff (D:3)
  Sigmund (D:3)
  Eustachio (D:6)
  Duvessa (D:5)
  An orc warrior (D:5)
  3 phantoms
  3 sky beasts
  An ogre (D:5)
  3 centaurs
  A bullfrog (D:6)
  Dowan (D:5)
  2 scorpions
  2 crimson imps
  A quasit (D:6)
  2 bullfrog zombies
  An orc priest (D:4)
  A bullfrog skeleton (D:5)
  4 hounds
  Jessica (D:3)
  An iguana (D:6)
  5 orc wizards
  8 worker ants
  A hound skeleton (D:6)
  7 adders
  An ooze (D:3)
  4 worms
  4 leopard geckos
  15 orcs
  8 giant cockroaches
  7 goblins
  7 hobgoblins
  10 jackals
  7 quokkas
  4 ball pythons
  7 bats
  6 frilled lizards
  5 kobolds
  2 leopard gecko skeletons (D:6)
  A quokka zombie (D:6)
  3 rats
144 creatures vanquished.

Notes
Turn   | Place    | Note
-------+----------+-------------------------------------------
     0 | D:1      | roguesci the Vine Stalker Transmuter began the quest for the Orb.
     0 | D:1      | Reached XP level 1. HP: 9/9 MP: 4/4
   105 | D:1      | Reached skill level 1 in Fighting
   415 | D:1      | Reached XP level 2. HP: 14/14 MP: 6/6
  1259 | D:2      | Reached XP level 3. HP: 10/18 MP: 5/7
  1264 | D:2      | Learned a level 3 spell: Spider Form
  1582 | D:2      | Reached skill level 1 in Stealth
  1714 | D:2      | Gained mutation: Your natural rate of healing is unusually fast. [Vine Stalker growth]
  1714 | D:2      | Reached XP level 4. HP: 23/23 MP: 5/9
  1758 | D:2      | Found an iron altar of Okawaru.
  2070 | D:2      | Reached skill level 3 in Spellcasting
  2241 | D:3      | Noticed a centaur
  2247 | D:3      | Killed a centaur
  2247 | D:3      | Reached skill level 1 in Poison Magic
  2247 | D:3      | Reached XP level 5. HP: 17/26 MP: 7/11
  2345 | D:3      | Noticed Jessica
  2351 | D:3      | Killed Jessica
  2366 | D:3      | Identified Jessica's Collected Works on Displacement
  2377 | D:3      | Learned a level 2 spell: Shroud of Golubria
  2627 | D:3      | Noticed Sigmund
  2654 | D:3      | Killed Sigmund
  2654 | D:3      | Reached XP level 6. HP: 21/32 MP: 2/12
  2765 | D:3      | Noticed a hippogriff
  2804 | D:3      | Killed a hippogriff
  2804 | D:3      | Reached skill level 4 in Spellcasting
  2804 | D:3      | Reached XP level 7. HP: 7/36 MP: 0/14
  3398 | D:4      | Found Tukofela's Book Boutique.
  3600 | D:4      | Found a shattered altar of Ashenzari.
  3600 | D:4      | Found a burning altar of Makhleb.
  3600 | D:4      | Found an ornate altar of the Wu Jian Council.
  3601 | D:4      | Found a deep blue altar of Sif Muna.
  3634 | D:4      | Got a faintly glowing rapier
  3635 | D:4      | Identified the +6 rapier of Tender Mercy {freeze, rElec rPois rC++ Str-3} (You found it on level 4 of the Dungeon)
  4160 | D:4      | Found a deep blue altar of Sif Muna.
  4197 | D:4      | Gained mutation: You have razor-sharp teeth. [Vine Stalker growth]
  4197 | D:4      | Reached XP level 8. HP: 33/40 MP: 13/16
  4409 | D:4      | Became a worshipper of Makhleb the Destroyer
  4464 | D:5      | Entered Level 5 of the Dungeon
  4646 | D:5      | Reached skill level 5 in Spellcasting
  4786 | D:5      | Found a glowing golden altar of the Shining One.
  4786 | D:5      | Noticed Duvessa
  4787 | D:5      | Noticed Dowan
  4821 | D:5      | Killed Duvessa
  4845 | D:5      | Killed Dowan
  5320 | D:5      | Reached XP level 9. HP: 26/46 MP: 9/18
  5520 | D:5      | Reached * piety under Makhleb
  5684 | D:6      | Noticed Eustachio
  5703 | D:6      | Killed Eustachio
  5814 | D:6      | Reached skill level 6 in Spellcasting
  5950 | D:6      | Reached skill level 5 in Fighting
  5957 | D:6      | Reached skill level 5 in Stealth
  5962 | D:6      | Gained mutation: You are partially covered in rugged brown scales. (AC +1, +3% HP) [mutagenic meat]
  5963 | D:6      | Gained mutation: You have an increased reservoir of magic. (+10% MP) [mutagenic meat]
  5964 | D:6      | Gained mutation: Your movements are slightly less encumbered by armour. (ER -2) [mutagenic meat]
  6042 | D:6      | Found a snail-covered altar of Cheibriados.
  6055 | D:6      | Found a staircase to the Ecumenical Temple.
  6122 | D:6      | Reached skill level 5 in Dodging
  6573 | D:6      | Reached ** piety under Makhleb
  6704 | D:6      | Found Kishruf's Food Shop.
  6773 | D:6      | Noticed a manticore
  6784 | D:6      | Killed from afar by a manticore

Vault maps used:
D:1:      ncdulo_smallfort, nrook_mini_vaults
D:2:      kennysheep_okawaru_gauntlet
D:3:      first_bread, kennysheep_jessica_study, uniq_sigmund
D:4:      grunt_temple_overflow_open, serial_shops, nicolae_shop_crystal,
          led_sif_book
D:5:      basic_altar, feat_on_display, uniq_duvessa
D:6:      minmay_opposing_rooms, lemuel_doored_altar,
          minmay_temple_entry_statues_fountains, serial_shops,
          nicolae_shop_competitors_out_of_business, grunt_ministairs_3,
          uniq_eustachio

Skill      XL: |  1  2  3  4  5  6  7  8  9 |
---------------+----------------------------+-----
Fighting       | 1 2 3 4 5 |  5.1
Dodging        | 2 3 4 5 |  5.1
Stealth        | 1 2 3 4 5 |  5.3
Spellcasting   | 3 4 5 6 |  6.4
Poison Magic   | 1 2 3 |  3.6
Transmutations | 3 4 |  4.7
Unarmed Combat | 4 |  4.0

Action                   |  1- 3 |  4- 6 |  7- 9 || total
-------------------------+-------+-------+-------++-------
Melee: Unarmed           |   101 |    27 |   110 ||   238
       Bite              |    12 |     9 |    35 ||    56
       Headbutt          |     3 |       |       ||     3
       Punch             |     3 |       |     3 ||     6
       Kick              |     1 |       |       ||     1
       Dagger            |       |    37 |    23 ||    60
       Rapier            |       |       |   168 ||   168
Throw: Stone             |       |    15 |    26 ||    41
 Cast: Beastly Appendage |     4 |       |       ||     4
       Spider Form       |     4 |     4 |    13 ||    21
       Shroud of Golubri |       |     1 |     9 ||    10
  Use: Potion            |     1 |       |     1 ||     2
       Scroll            |       |     6 |       ||     6
 Stab: Sleeping          |     2 |     2 |    14 ||    18
  Eat: Chunk             |     3 |     3 |    17 ||    23
       Fruit             |       |       |     1 ||     1
Armor: Robe              |    22 |    19 |    29 ||    70
       Skin              |       |     1 |     9 ||    10
Dodge: Dodged            |    65 |    58 |   223 ||   346
